 Dungeon Crawl Stone Soup version 0.30.0-5-g1a98f26d00 (webtiles) character file.

Game seed: 10704247768326031620

55 Cheops the Ruffian (level 3, -4/31 HPs)
             Began as a Ghoul Monk on May 8, 2023.
             Killed from afar by Terence (12 damage)
             ... with a bolt of light
             ... on level 3 of the Dungeon.
             The game lasted 00:03:35 (1800 turns).

Cheops the Ruffian (Ghoul Monk)                     Turns: 1800, Time: 00:03:35

Health: -4/31      AC:  3    Str: 16    XL:     3   Next: 93%
Magic:  2/2        EV: 12    Int:  5    God:
Gold:   84         SH:  0    Dex: 11    Spells: 2/2 levels left

rFire   . .          .
                       - Unarmed
rCold   + . .        c - orb {light}
rNeg    + + +        a - +1 robe
rPois   ∞            (no helmet)
rElec   .            (no cloak)
rCorr   .            (no gloves)
SInv    .            (no boots)
Will    .....        (no amulet)
Stlth   +            (no ring)
HPRegen 0.00/turn    (no ring)
MPRegen 0.08/turn

%: no passive effects
@: inhibited regen, glowing
A: claws 1, cold resistance 1, negative energy resistance 3, inhibited
regeneration, torment resistance 2, devour on kill
a: no special abilities


You were on level 3 of the Dungeon.
You visited 1 branch of the dungeon, and saw 3 of its levels.

You collected 84 gold pieces.

Inventory:

Hand Weapons
 b - the +1 sling "Goixoqipn" {flame, rElec Str-2 SInv}
   (You took it off a kobold on level 2 of the Dungeon)

   Str:       It affects your strength (-2).
   rElec:     It insulates you from electricity.
   SInv:      It lets you see invisible.
Armour
 a - a +1 robe (worn)
 c - an orb of light (worn)
Scrolls
 e - 2 scrolls of identify {unknown}
 f - a scroll of teleportation {unknown}
 i - a scroll of enchant weapon {unknown}
 k - a scroll of fear {unknown}
 l - a scroll of magic mapping {unknown}
 m - a scroll of blinking {unknown}
Potions
 g - 2 potions of curing {unknown}
 h - a potion of invisibility {unknown}
 j - a potion of magic {unknown}
 n - a potion of ambrosia


   Skills:
 - Level 3.2 Fighting
 + Level 0.1 Ranged Weapons
 - Level 2.6 Dodging
 - Level 5.1 Unarmed Combat


You had 2 spell levels left.
You didn't know any spells.
Your spell library was empty.

Dungeon Overview and Level Annotations

Branches:
Dungeon (3/15)

Altars:

Shops:
D:1 (

Annotations:
D:3 Terence


Innate Abilities, Weirdness & Mutations

You are immune to poison.
You have sharp fingernails.
Your flesh is cold resistant. (rC+)
You are immune to negative energy. (rN+++)
You do not regenerate when monsters are visible.
You are immune to unholy pain and torment.
You thrive by killing the living.


Message History

Terence hits you with a +0 short sword.
You scratch Terence but do no damage.
Terence is moderately wounded.
Terence hits you with a +0 short sword.
A gnoll comes into view. It is wielding a +0 spear.
You are too injured to fight recklessly!
You are too injured to fight recklessly!
You are too injured to fight recklessly!
You are too injured to fight recklessly!
You are too injured to fight recklessly!
You are too injured to fight recklessly!
You are too injured to fight recklessly!
You are too injured to fight recklessly!
You are too injured to fight recklessly!
You are too injured to fight recklessly!
You are too injured to fight recklessly!
You are too injured to fight recklessly!
You are too injured to fight recklessly!
You are too injured to fight recklessly!
You are too injured to fight recklessly!
You are too injured to fight recklessly!
You are too injured to fight recklessly!
You are too injured to fight recklessly!
You are too injured to fight recklessly!
Unknown command.
Okay, then.
Press: ? - help, v - describe, . - travel
Here: Terence, wielding a +0 short sword, wearing a +0 ring mail and carrying a wand of light (4) (moderately wounded, haloed)
The floor.
Unknown command.
As you read the scroll labelled SORGHONEGUPH, it crumbles to dust.
It is a scroll of enchant armour.
Your +0 robe glows green for a moment.
The gnoll shouts!
Terence hits you with a +0 short sword.
* * * LOW HITPOINT WARNING * * *
The gnoll hits you from afar with a +0 spear.
* * * LOW HITPOINT WARNING * * *
Terence zaps a wand.
The bolt of light hits you!
You die...

...####............
..................#
##########..........<>
.........#...######.#
..#####.#.#......... ..#
#.#.########.# #.#
#.#.##........
#.####.#.##.#####..
#.@....#.##.#####.# ##
##.######.##........
####..#..# #.##......##
......g@## #.##.....)#
..........# #.##......#
.#######.######.##......#
.##.............#
###.###.###.....# #.#
#...#######


You could see Terence and a gnoll.

Vanquished Creatures
  A gnoll (D:1)
  2 dart slugs (D:2)
  3 ball pythons
  A bat (D:2)
  5 endoplasms
  2 giant cockroaches
  3 goblins
  3 hobgoblins
  3 jackals (D:1)
  A quokka (D:2)
  2 frilled lizards
  6 kobolds
  8 rats
40 creatures vanquished.

Notes
Turn   | Place    | Note
-------+----------+-------------------------------------------
     0 | D:1      | Cheops the Ghoul Monk began the quest for the Orb.
     0 | D:1      | Reached XP level 1. HP: 19/19 MP: 0/0
   203 | D:1      | Reached XP level 2. HP: 23/26 MP: 1/1
   206 | D:1      | Reached skill level 4 in Unarmed Combat
   281 | D:1      | Found Meatzoraduck's Antique Weapon Emporium.
   383 | D:1      | Reached XP level 3. HP: 31/31 MP: 2/2
   917 | D:1      | Found a faded altar of an unknown god.
  1294 | D:2      | Reached skill level 5 in Unarmed Combat
  1493 | D:2      | Identified the +1 sling "Goixoqipn" {flame, rElec Str-2
                  | SInv}
  1791 | D:3      | Noticed Terence
  1800 | D:3      | Killed from afar by Terence

Illustrated notes

Levels and vault maps discovered:
D:1:      psy_arrival_radial02, layout_loops_ring, serial_shops,
          nicolae_shop_tiny_glass, dreamdust_ecumenical_altar_angels_and_demons,
          chequers_serial_rivers_micro_d, minmay_rat_gold_closets
D:2:      layout_loops_ring
D:3:      layout_basic, lemuel_coloured_pillars_altar,
          overflow_temple_1_default, minmay_close_crescents, uniq_natasha,
          uniq_pargi, uniq_terence

Skill      XL: |  1  2  3 |
---------------+----------+-----
Unarmed Combat | 4 5 |  5.1
Fighting       | |  3.2
Ranged Weapons | |  0.1
Dodging        | |  2.6

Action                     || total
---------------------------++-------
  Melee: Unarmed           ||    90
    Use: Scroll            ||     1
 Armour: Robe              ||    10
  Dodge: Dodged            ||    43
